AoeStats
← Reynaldo

Arena

508543576Analyzed
4v4 RM · 9d ago on Sep 23, 2026· 48m 20s· 8 players
Game mode
Random Map
Map size
Large (8 player)
Population
200
Speed
Normal
Resources
Standard
Victory
Conquest
Starting age
Dark Age
Ending age
Imperial Age
RankedLock teamsTeams togetherTeam positionsShared explorationLock speedFull tech treeHidden civsTurbo modeCheats
Victory
Defeat
🇦🇷 Goths · Argentina
851
+16
🇺🇸 Mongols · United States
815
+18
🇦🇷 Franks · Argentina
795
+19
🇺🇸 Huns · United States
787
+18
🇺🇸 Magyars · United States
886
-19
🇧🇷 Franks · Brazil
884
-19
🇬🇧 Saxons · United Kingdom
842
-17
🇪🇸 Goths · Spain
803
-16
J A K E J I M M Y
11:52 Feudal Age
12:24 Horse Collar
17:39 Castle Age
16:38 Stone Mining
16:59 Loom
19:29 Double-Bit Axe
21:45 Wheelbarrow
27:32 Fletching
28:04 Scale Mail Armor
28:15 Forging
29:20 Chain Mail Armor
30:43 Iron Casting
32:06 Heavy Plow
32:19 Bow Saw
33:52 Town Watch
34:23 Hand Cart
35:05 Herbal Medicine
40:54 Imperial Age
Tolo
0:29 Loom
10:22 Feudal Age
11:49 Wheelbarrow
11:03 Double-Bit Axe
11:53 Horse Collar
18:46 Castle Age
17:39 Gold Mining
17:44 Stone Mining
22:17 Bow Saw
23:45 Hand Cart
26:31 Heavy Plow
31:13 Imperial Age
ftgiants
9:49 Feudal Age
18:19 Castle Age
17:18 Gold Mining
17:18 Stone Mining
17:19 Double-Bit Axe
21:49 Wheelbarrow
24:37 Gold Shaft Mining
24:14 Scale Barding Armor
24:22 Forging
27:13 Imperial Age
25:17 Padded Archer Armor
26:53 Chain Barding Armor
27:03 Bow Saw
Locarbdiet
9:47 Feudal Age
8:30 Loom
10:18 Double-Bit Axe
10:18 Horse Collar
19:03 Castle Age
18:11 Stone Mining
18:12 Gold Mining
19:48 Bloodlines
19:46 Scale Barding Armor
19:50 Padded Archer Armor
21:37 Wheelbarrow
24:06 Fletching
27:43 Wheelbarrow
27:44 Town Watch
28:29 Bow Saw
28:55 Bodkin Arrow
31:04 Ballistics
31:55 Leather Archer Armor
32:03 Chain Barding Armor
32:48 Gold Shaft Mining
32:35 Hand Cart
33:19 Corvinian Army
33:36 Leather Archer Armor
37:25 Imperial Age
36:00 Treadmill Crane
37:35 Masonry
37:54 Husbandry
37:39 Elite Magyar Huszar
38:40 Conscription
38:20 Recurve Bow
38:51 Parthian Tactics
38:32 Thumb Ring
37:48 Elite Skirmisher
37:59 Capped Ram
39:39 Bracer
40:15 Plate Barding Armor
40:12 Ring Archer Armor
41:30 Two-Man Saw
42:55 Chemistry
42:01 Siege Engineers
42:07 Pikeman
42:33 Arson
42:49 Scale Mail Armor
arsenikos1329
5:30 Loom
12:46 Feudal Age
18:07 Castle Age
17:22 Double-Bit Axe
17:42 Town Watch
22:06 Wheelbarrow
24:35 Pikeman
25:31 Squires
25:28 Fletching
27:19 Bodkin Arrow
27:25 Padded Archer Armor
29:09 Ballistics
35:02 Imperial Age
35:25 Leather Archer Armor
35:09 Capped Ram
36:41 Drill
39:23 Bracer
40:26 Chemistry
39:52 Conscription
41:32 Siege Ram
easymac777
9:33 Feudal Age
10:05 Double-Bit Axe
10:31 Horse Collar
13:05 Wheelbarrow
18:52 Castle Age
16:48 Gold Mining
17:00 Stone Mining
20:16 Bow Saw
21:24 Gold Shaft Mining
21:11 Fletching
22:01 Hand Cart
21:54 Heavy Plow
23:34 Bodkin Arrow
25:32 Marauders
25:39 Thumb Ring
27:10 Padded Archer Armor
27:21 Forging
29:41 Bloodlines
30:24 Murder Holes
31:54 Loom
34:34 Iron Casting
34:15 Leather Archer Armor
37:03 Imperial Age
37:18 Ballistics
36:49 Pikeman
37:45 Heavy Cavalry Archer
39:47 Conscription
41:06 Chemistry
44:16 Halberdier
46:01 Elite Tarkan
Reynaldo
0:32 Loom
11:17 Feudal Age
11:43 Double-Bit Axe
12:36 Wheelbarrow
12:15 Town Watch
19:45 Castle Age
20:47 Hand Cart
20:45 Bow Saw
21:40 Squires
39:04 Pikeman
40:47 Scale Mail Armor
41:03 Gambesons
41:33 Forging
41:45 Chain Mail Armor
44:55 Iron Casting
Eu sou Coringa
3:54 Loom
13:04 Feudal Age
17:15 Castle Age
15:08 Horse Collar
15:16 Double-Bit Axe
16:44 Man-at-Arms
21:40 Scale Mail Armor
22:48 Long Swordsman
23:36 Long Swordsman
25:38 Squires
35:58 Pikeman
36:56 Chain Mail Armor
36:51 Forging
37:45 Heavy Plow
37:59 Bow Saw
43:56 Wheelbarrow
43:07 Town Watch
50:02 Imperial Age
47:51 Hand Cart
47:39 Town Patrol
48:23 Iron Casting
47:54 Scale Barding Armor
47:39 Fletching
47:49 Padded Archer Armor
47:55 Caravan
Connection lost

Rejoining the realm…

Still unreachable

The connection could not be restored.

Session expired

The server has moved on; the page needs a fresh start.